 Dungeon Crawl Stone Soup version 0.26.0-10-g1f06aea511 (webtiles) character file.

Game seed: 7457881424124349473

9371 septik the Cleaver (level 11, 0/97 HPs)
             Began as a Minotaur Berserker on Jan 25, 2021.
             Was a High Priest of Trog.
             Slain by a manticore (5 damage)
             ... on level 11 of the Dungeon.
             The game lasted 00:41:33 (11144 turns).

septik the Cleaver (Minotaur Berserker)            Turns: 11144, Time: 00:41:34

Health: 0/97       AC: 14    Str: 26    XL:     11   Next: 22%
Magic:  10/10      EV: 12    Int:  4    God:    Trog [*****.]
Gold:   730        SH:  0    Dex:  9    Spells: 10/10 levels left

rFire    + . .     SeeInvis +   O - +3 executioner's axe (vorpal)
rCold    + . .     Faith    .   (shield currently unavailable)
rNeg     . . .     Spirit   .   G - +0 chain mail {rC+}
rPois    .         Reflect  .   (helmet restricted)
rElec    .         Harm     .   (no cloak)
rCorr    .         Rampage  .   C - +2 pair of gloves
Will     .....                  (no boots)
Stlth    ..........             (no amulet)
HPRegen  0.26/turn              g - ring of see invisible
MPRegen  0.12/turn              M - ring of protection from fire

@: berserk cooldown, slowed, very slow
A: retaliatory headbutt, horns 2
a: Renounce Religion, Berserk, Trog's Hand, Brothers in Arms


You were on level 11 of the Dungeon.
You worshipped Trog.
Trog was extremely pleased with you.
You visited 2 branches of the dungeon, and saw 12 of its levels.
You also visited: Sewer.

You collected 730 gold pieces.

Inventory:

Hand Weapons
 a - a +2 battleaxe of freezing
 b - a +0 vorpal quarterstaff
 n - a +2 flail of protection
 z - a +1 broad axe of flaming
 O - a +3 vorpal executioner's axe (weapon)
Missiles
 d - 362 stones (quivered)
 v - 2 throwing nets
 y - 15 boomerangs
Armour
 C - a +2 pair of gloves (worn)
 D - +0 swamp dragon scales
 G - a +0 chain mail of cold resistance (worn)
 H - a +0 plate armour
 J - a +4 ring mail of poison resistance
Jewellery
 f - a cursed ring of teleportation
 g - a ring of see invisible (left hand)
 m - an uncursed ring of magical power
 A - an uncursed amulet of magic regeneration
 M - a ring of protection from fire (right hand)
Wands
 r - a wand of acid (3)
 u - a wand of polymorph (15)
 w - a wand of flame (9)
Scrolls
 e - 8 scrolls of teleportation
 o - 3 scrolls of amnesia
 p - 5 scrolls of enchant armour
 t - 9 scrolls of remove curse
 B - 2 scrolls of identify
 I - a scroll of fear
 L - a scroll of enchant weapon {unknown}
 N - 2 scrolls of immolation {unknown}
 P - 3 scrolls of blinking
Potions
 c - 3 potions of curing
 h - a potion of resistance
 i - 4 potions of haste
 j - a potion of cancellation {unknown}
 k - 3 potions of brilliance {unknown}
 l - 3 potions of lignification {unknown}
 q - 5 potions of flight
 s - a potion of might {unknown}
 x - 2 potions of mutation {unknown}
 E - a potion of degeneration {unknown}
 F - a potion of invisibility {unknown}
 K - a potion of heal wounds {unknown}


   Skills:
 - Level 9.2 Fighting
 + Level 14.9 Axes
 - Level 8.7 Armour
 - Level 8.0 Dodging


You had 10 spell levels left.
You didn't know any spells.
Your spell library contained the following spells:

 Spells                   Type           Power        Failure   Level
 Animate Skeleton         Necr           0%           96%         1
 Apportation              Tloc           0%           96%         1
 Beastly Appendage        Tmut           0%           96%         1
 Corona                   Hex            0%           96%         1
 Summon Small Mammal      Summ           0%           96%         1
 Call Imp                 Summ           0%           99%         2
 Slow                     Hex            0%           99%         2
 Wereblood                Tmut           0%           99%         2
 Call Canine Familiar     Summ           0%           100%        3
 Inner Flame              Hex/Fire       0%           100%        3
 Portal Projectile        Hex/Tloc       0%           100%        3
 Spider Form              Tmut/Pois      0%           100%        3
 Summon Guardian Golem    Hex/Summ       0%           100%        3
 Animate Dead             Necr           0%           100%        4
 Cause Fear               Hex            0%           100%        4
 Ice Form                 Ice/Tmut       0%           100%        4
 Leda's Liquefaction      Hex/Erth       0%           100%        4
 Summon Ice Beast         Ice/Summ       0%           100%        4
 Summon Lightning Spire   Summ/Air       0%           100%        4
 Blade Hands              Tmut           0%           100%        5
 Borgnjor's Vile Clutch   Necr/Erth      0%           100%        5
 Death Channel            Necr           0%           100%        6
 Simulacrum               Ice/Necr       0%           100%        6


Dungeon Overview and Level Annotations

Branches:
Dungeon (11/15)            Temple (0/1) D:7            Lair (1/6) D:9
  Sewer (visited)
    Orc: D:9-12

Altars:
Ashenzari
Gozag
Hepliaklqana
Makhleb
Okawaru
Qazlal
Trog
Uskayaw

Shops:
D:7 =

Annotations:
D:9 exclusion: downstairs


Innate Abilities, Weirdness & Mutations

You reflexively headbutt those who attack you in melee.
You have a pair of horns on your head.


Message History

* * * LOW HITPOINT WARNING * * *
You barely miss the manticore.
The manticore is heavily wounded.
The manticore closely misses you. The manticore barely misses you.
The manticore misses you. The manticore barely misses you.
You furiously retaliate!
You headbutt the manticore!
The manticore claws you but does no damage.
The manticore claws you!
* * * LOW HITPOINT WARNING * * *
You hit the manticore.
The manticore is almost dead.
The manticore barely misses you. The manticore closely misses you.
The manticore barely misses you. The manticore bites you.
* * * LOW HITPOINT WARNING * * *
The manticore barely misses you. The manticore claws you.
* * * LOW HITPOINT WARNING * * *
You hit the manticore.
The manticore is almost dead.
The manticore bites you.
You die...

#..........#####....#....
#........>.#........#....
#..........#........#....
#..........'........'...(
#......>.).#†.....<.#....
#...##.<...#..).....#....
#...##.....#...)#####...<
#.......H..#...)# #....
#....)..@..#....# #....
#...##..)..#....# #....
#...##.....#....# ....
#..........#....#
#..........#....#
#...##.....#....#
#...##..(..#....#
#..........+
#..........#...)#


You could see a manticore.

Vanquished Creatures
  A two-headed ogre (D:10)
  An unseen horror (D:10)
  An orc knight (D:11)
  2 manticores (D:11)
  Joseph (D:8)
  Psyche (D:8)
  Maggie (D:8)
  A troll (D:10)
  A hornet (D:10)
  A fire elemental (D:8)
  3 fire bats (D:8)
  A vampire (D:10)
  2 water moccasins (D:8)
  2 ice beasts
  4 orc warriors
  2 sky beasts
  2 black bears
  4 ogres
  4 centaurs
  2 elf zombies (D:7)
  7 bullfrogs
  2 elf skeletons (D:7)
  5 scorpions
  3 killer bees (D:11)
  8 wights
  7 howler monkeys
  2 bullfrog zombies
  A centaur zombie (D:5)
  10 hounds
  2 jellies (D:5)
  A quasit (D:9)
  A bullfrog skeleton (D:10)
  4 orc priests
  5 orc wizards
  Crazy Yiuf (D:7)
  A gnoll shaman (D:4)
  A human skeleton (D:7)
  4 iguanas
  A merfolk siren (Sewer)
  6 worker ants
  A merfolk avatar (Sewer)
  A worker ant zombie (D:10)
  12 gnolls
  14 adders
  A river rat (Sewer)
  A shadow imp (D:6)
  A white imp (D:10)
  2 ufetubi
  An ooze (D:4)
  3 worms
  5 dart slugs
  6 leopard geckos
  30 orcs
  5 ball pythons
  5 giant cockroaches
  9 goblins
  7 hobgoblins
  19 jackals
  5 kobolds
  3 quokkas
  4 bats
  13 frilled lizards
  A jackal skeleton (D:4)
  An orc zombie (D:7)
  A quokka skeleton (D:9)
  A quokka zombie (D:10)
  32 rats
293 creatures vanquished.

Vanquished Creatures (others)
  A killer bee zombie (D:9)
  2 human simulacra (D:9)
  3 fungi (D:9)
  2 plants (D:9)
8 creatures vanquished.

Grand Total: 301 creatures vanquished

Notes
Turn   | Place    | Note
-------+----------+-------------------------------------------
     0 | D:1      | septik the Minotaur Berserker began the quest for the Orb.
     0 | D:1      | Reached XP level 1. HP: 19/19 MP: 0/0
   155 | D:1      | Reached XP level 2. HP: 27/27 MP: 1/1
   158 | D:1      | Reached skill level 4 in Axes
   251 | D:1      | Reached XP level 3. HP: 33/33 MP: 2/2
   283 | D:1      | Reached ** piety under Trog
   899 | D:2      | Found an opulent altar of Gozag.
  1168 | D:2      | Found a broken altar of Ashenzari.
  1326 | D:3      | Reached XP level 4. HP: 40/40 MP: 3/3
  1374 | D:3      | Reached skill level 5 in Axes
  1420 | D:3      | Found a glowing drain.
  1424 | Sewer    | Entered a sewer
  1468 | Sewer    | Reached *** piety under Trog
  1532 | Sewer    | Reached XP level 5. HP: 47/47 MP: 4/4
  2166 | D:3      | Reached **** piety under Trog
  2643 | D:3      | Reached XP level 6. HP: 55/55 MP: 5/5
  2801 | D:4      | Reached skill level 6 in Axes
  2818 | D:4      | Reached skill level 5 in Fighting
  2876 | D:4      | Reached XP level 7. HP: 21/61 MP: 6/6
  3172 | D:4      | Reached ***** piety under Trog
  3509 | D:5      | Entered Level 5 of the Dungeon
  3533 | D:5      | Reached skill level 7 in Axes
  3612 | D:5      | Reached skill level 5 in Armour
  4493 | D:6      | Reached skill level 5 in Dodging
  4493 | D:6      | Reached XP level 8. HP: 66/70 MP: 7/7
  4613 | D:6      | Reached skill level 8 in Axes
  5423 | D:7      | Found Hiujof's Jewellery Shoppe.
  5458 | D:7      | Reached skill level 9 in Axes
  5738 | D:7      | Found a staircase to the Ecumenical Temple.
  6084 | D:7      | Found a runed translucent door.
  6085 | D:7      | Noticed Crazy Yiuf
  6182 | D:7      | Reached XP level 9. HP: 61/79 MP: 8/8
  6566 | D:7      | Killed Crazy Yiuf
  6647 | D:8      | Reached skill level 10 in Axes
  7074 | D:8      | Found an iron altar of Okawaru.
  7147 | D:8      | Noticed Maggie
  7157 | D:8      | Killed Maggie
  7173 | D:8      | Noticed Psyche
  7178 | D:8      | Killed Psyche
  7383 | D:8      | Found a transporter.
  7397 | D:8      | Found a transporter.
  7403 | D:8      | Reached skill level 11 in Axes
  7409 | D:8      | HP: 5/123 [fire elemental (5)]
  7754 | D:8      | Reached XP level 10. HP: 46/90 MP: 9/9
  8016 | D:8      | Found a hide-covered altar of Uskayaw.
  8019 | D:8      | Found a hazy altar of Hepliaklqana.
  8022 | D:8      | Found a burning altar of Makhleb.
  8220 | D:8      | Noticed Joseph
  8227 | D:8      | Killed Joseph
  8826 | D:9      | Found a staircase to the Lair.
  8837 | Lair:1   | Entered Level 1 of the Lair of Beasts
  8837 | Lair:1   | Noticed a cane toad
  8998 | D:9      | Received a gift from Trog
  9003 | D:9      | Reached skill level 12 in Axes
  9442 | D:9      | Found a stormy altar of Qazlal.
  9443 | D:9      | Found a bloodstained altar of Trog.
  9641 | D:10     | Entered Level 10 of the Dungeon
  9658 | D:10     | Killed an unseen horror
  9722 | D:10     | Reached skill level 13 in Axes
  9899 | D:10     | Noticed a two-headed ogre
  9905 | D:10     | Killed a two-headed ogre
 10195 | D:10     | Reached skill level 14 in Axes
 10195 | D:10     | Reached XP level 11. HP: 79/97 MP: 10/10
 11086 | D:11     | Noticed an ogre mage
 11086 | D:11     | Noticed a boulder beetle
 11086 | D:11     | Noticed an orc knight
 11116 | D:11     | Found an opulent altar of Gozag.
 11117 | D:11     | Noticed a four-headed hydra
 11139 | D:11     | Killed an orc knight
 11144 | D:11     | Slain by a manticore

Illustrated notes

Levels and vault maps discovered:
D:1:      eino_arrival_cavern_d, layout_rooms
D:2:      layout_rooms, lemuel_doored_altar, evilmike_ruin_ashenzari
D:3:      layout_basic, gup_sewer_entry_spiral, skrybe_limestone_x,
          minmay_unequal
D:4:      layout_rooms, kennysheep_generic_room_7
D:5:      layout_basic, serial_curves, eino_curves_03, eino_curves_04,
          eino_curves_01, eino_curves_01, hangedman_abyss_or_decor_lesser_grid,
          chequers_serial_rivers_room_a
D:6:      layout_rooms, minmay_misc_feat_more_columns
D:7:      layout_basic, lemuel_temple_firewalk_b, serial_shops,
          nicolae_shop_waterfront, nicolae_ossuary_entry_catacombs,
          uniq_crazy_yiuf_cottage
D:8:      gammafunk_cloud_chamber, layout_basic, grunt_temple_overflow_open,
          basic_altar, uniq_joseph, uniq_maggie, uniq_psyche
D:9:      layout_long_grid, gammafunk_temple_overflow_pools,
          grunt_lair_entry_orc_guard_hut, bh_circular_ruins
D:10:     layout_long_grid
D:11:     minmay_blocky_corners, layout_gridville, grunt_ogre_cave,
          lemuel_altar_in_water
Lair:1:   layout_regular_city

Skill      XL: |  1  2  3  4  5  6  7  8  9 10 |
---------------+-------------------------------+-----
Axes           | 4 5 6 7 9 11 14 | 14.9
Fighting       | 4 5 6 7 8 9 |  9.2
Armour         | 3 4 5 6 8 |  8.7
Dodging        | 3 4 5 6 7 8 |  8.0

Action                   |  1- 3 |  4- 6 |  7- 9 | 10-12 || total
-------------------------+-------+-------+-------+-------++-------
Melee: Hand axe          |    46 |       |       |       ||    46
       Headbutt          |    14 |    18 |    41 |    28 ||   101
       War axe           |    29 |   172 |    56 |       ||   257
       Broad axe         |       |       |   198 |    54 ||   252
       Executioner's axe |       |       |       |   103 ||   103
       Battleaxe         |       |       |       |     9 ||     9
Throw: Stone             |       |       |       |     1 ||     1
Invok: Berserk           |       |     1 |     4 |     6 ||    11
  Use: Scroll            |     3 |       |     9 |     3 ||    15
       Potion            |       |       |     4 |       ||     4
Armor: Chain mail        |    43 |   103 |   155 |   134 ||   435
       Animal skin       |     2 |       |       |       ||     2
Dodge: Dodged            |    35 |    80 |   149 |   163 ||   427
